 Dungeon Crawl Stone Soup version 0.17-b1-15-g0f5fb43 (webtiles) character file.

18815 tetracat the Martial Artist (level 12, -3/77 HPs)
             Began as an Octopode Monk on Nov 7, 2015.
             Was an Initiate of Gozag.
             Slain by a crocodile (14 damage)
             ... on level 4 of the Lair of Beasts.
             The game lasted 00:53:30 (22507 turns).

tetracat the Martial Artist (Octopode Monk)        Turns: 22507, Time: 00:53:30

Health: -3/77      AC:  3    Str: 14    XL:     12   Next: 62%
Magic:  21/21      EV: 18    Int: 12    God:    Gozag
Gold:   1142       SH: 11    Dex: 16    Spells: 6 memorised, 10 levels left

rFire  + . .     SeeInvis +       - Unarmed
rCold  + . .     Clarity  .     k - +0 shield {reflect}
rNeg   . . .     SustAt   .     (helmet restricted)
rPois  .         Gourm    .     (no amulet)
rElec  .         Spirit   .     t - ring of protection from fire
rCorr  .         Warding  .     x - ring of stealth
rMut   .         Stasis   .     E - ring of flight
MR     .....                    G - +2 ring of protection
Stlth  +++++.....               l - ring of see invisible
                                C - ring of protection from cold
                                (no ring)
                                (no ring)

@: not resistant to hostile enchantments, quite stealthy
A: almost no armour, amphibious, 8 rings, constrict 8, camouflage 1, gelatinous
body 1
a: Potion Petition, Call Merchant, Bribe Branch, Renounce Religion, Evoke Flight


You were on level 4 of the Lair of Beasts.
You worshipped Gozag.
Gozag was noncommittal.
You were not hungry.

You visited 3 branches of the dungeon, and saw 17 of its levels.
You also visited: Sewer.

You collected 3630 gold pieces.
You spent 175 gold pieces at shops.
You paid 2313 gold pieces to Gozag.

Inventory:

Hand Weapons
 O - the +9 morningstar "Vuaj Waux" {elec, rElec rN+ Int+2 Dex-4}
   (You found it on level 3 of the Lair of Beasts)

   Occasionally, upon striking a foe, it will discharge some electrical energy
   and cause terrible harm.
   It affects your intelligence (+2).
   It affects your dexterity (-4).
   It insulates you from electricity.
   It protects you from negative energy.
Armour
 k - a +0 shield of reflection (worn)
 w - a +0 buckler
Rods
 B - a -3 rod of the swarm (10/10)
   (You found it on level 1 of the Lair of Beasts)
Jewellery
 l - a ring of see invisible (on tentacle)
 t - a ring of protection from fire (left tentacle)
 x - a ring of stealth (right tentacle)
 C - a ring of protection from cold (on tentacle)
 E - a ring of flight (on tentacle)
 G - a +2 ring of protection (on tentacle)
 M - an uncursed ring of ice
 N - an uncursed ring of protection from cold
Wands
 H - a wand of heal wounds (4)
 I - a wand of lightning (6)
 L - a wand of cold (8)
Scrolls
 b - a scroll of silence {unknown}
 c - 8 scrolls of remove curse
 d - 3 scrolls of enchant armour
 e - 2 scrolls of teleportation
 g - 5 scrolls of identify
 i - a scroll of recharging
 j - 2 scrolls of fog {unknown}
 n - a scroll of immolation {unknown}
 p - a scroll of magic mapping {unknown}
 u - a scroll of enchant weapon {unknown}
 y - 4 scrolls of blinking {unknown}
 A - a scroll of amnesia {unknown}
 J - a scroll of noise {unknown}
Potions
 f - 2 potions of curing
 h - 3 potions of flight
 m - a potion of lignification
 o - 5 potions of magic
 q - a potion of cancellation
 r - a potion of invisibility {unknown}
 v - a potion of haste {unknown}
 z - a potion of heal wounds {unknown}
 D - 3 potions of mutation
Books
 s - a book of Beasts

   Spells                             Type                      Level
   a - Summon Butterflies             Summoning                    1
   b - Call Canine Familiar           Summoning                    3
   c - Summon Ice Beast               Ice/Summoning                4
   d - Summon Mana Viper              Hexes/Summoning              5
   e - Summon Hydra                   Summoning                    7
 F - a book of Battle

   Spells                             Type                      Level
   a - Infusion                       Charms                       1
   b - Shroud of Golubria             Charms/Translocation         2
   c - Song of Slaying                Charms                       2
   d - Spectral Weapon                Hexes/Charms                 3
   e - Regeneration                   Charms/Necromancy            3
 K - a book of Spatial Translocations

   Spells                             Type                      Level
   a - Apportation                    Translocation                1
   b - Blink                          Translocation                2
   c - Shroud of Golubria             Charms/Translocation         2
   d - Portal Projectile              Translocation                3
   e - Teleport Other                 Translocation                3
   f - Passage of Golubria            Translocation                4
Comestibles
 a - 9 bread rations


   Skills:
 - Level 5.0 Fighting
 - Level 10.0 Dodging
 - Level 2.6 Stealth
 + Level 9.2 Shields
 - Level 11.0 Unarmed Combat
 - Level 6.4 Spellcasting
 - Level 4.1 Translocations
 + Level 5.3 Transmutations
 + Level 5.2 Earth Magic


You had 10 spell levels left.
You knew the following spells:

 Your Spells              Type           Power        Failure   Level  Hunger
a - Apportation           Tloc           ##........   10%         1    None
b - Blink                 Tloc           N/A          12%         2    ##.....
c - Summon Butterflies    Summ           #.......     38%         1    None
d - Swiftness             Chrm/Air       #.......     61%         2    ##.....
e - Passwall              Trmt/Erth      ###.......   14%         3    ###....
f - Passage of Golubria   Tloc           N/A          75%         4    ####...


Dungeon Overview and Level Annotations

Branches:
Dungeon (12/15)            Temple (1/1) D:7            Lair (4/8) D:11
    Orc (0/4) D:9
  Swamp: Lair:3-6    Shoals: Lair:3-6     Snake: Lair:3-6    Spider: Lair:3-6

Altars:
Ashenzari
Cheibriados
Dithmenos
Elyvilon
Fedhas
Gozag
Kikubaaqudgha
Makhleb
Nemelex Xobeh
Okawaru
Qazlal
Ru
Sif Muna
Trog
Vehumet
Xom
Yredelemnul
Zin
The Shining One

Shops:
D:6 =   D:7 :   D:11 *

Annotations:
D:4 1 exclusion
D:10 exclusion: hill giant
Lair:2 exclusion: hydra


Innate Abilities, Weirdness & Mutations

You cannot wear most types of armour.
You are amphibious.
You can wear up to eight rings at the same time.
You can use your tentacles to constrict eight enemies at once.
Your skin changes colour to match your surroundings (Stealth).
Your rubbery body absorbs attacks (AC +1).


Message History

You barely miss the water moccasin. Your grab misses the water moccasin.
The water moccasin bites you but does no damage.
The crocodile bites you.
* * * LOW HITPOINT WARNING * * *
You tentacle-slap the water moccasin. Your grab misses the water moccasin.
You squeeze the water moccasin, but do no damage.
The water moccasin is moderately wounded.
The water moccasin closely misses you. You block the crocodile's attack.
You tentacle-slap the water moccasin. You grab the water moccasin.
The water moccasin is heavily wounded.
You constrict the water moccasin. You block the water moccasin's attack.
The crocodile bites you.
* * * LOW HITPOINT WARNING * * *
You bludgeon the water moccasin!
You kill the water moccasin!
You closely miss the crocodile. You squeeze the crocodile.
The crocodile is lightly wounded.
The crocodile bites you!
You die...
Your body crumbles into a pile of gold.

#.S.......
#.........
#.........
#.........
#.........
#.........
##.........
#P$t.......
♣♣@♣♣♣.....
♣♣♣ ♣....
♣♣♣♣♣♣♣♣♣♣♣♣
♣...
♣........Y.♣
...
♣......l...♣
..
♣..######..♣
♣..#⌠...#..♣
♣..'....#..♣
♣..'.$Y.#..♣


You could see a crocodile.

Vanquished Creatures
  The ghost of abeheron the Covert, a journeyman SpAs of Kikubaaqudgha (D:10)
  Pikel (D:6)
  An ugly thing (D:11)
  Maurice (D:10)
  2 elephants
  A black mamba (Lair:3)
  A centaur skeleton (D:10)
  A komodo dragon (Lair:3)
  3 spiny frogs
  A fire drake (Lair:3)
  2 trolls
  The ghost of dsb250 the Destroyer, a novice DECj (D:5)
  A merfolk (D:9)
  Grinder (D:4)
  8 blink frogs
  A wraith (D:9)
  A deep elf mage (D:9)
  10 yaks
  A shadow (D:11)
  A wyvern (D:8)
  3 hippogriffs
  A steam dragon (Lair:2)
  2 hungry ghosts
  4 wolves (Lair:1)
  5 porcupines
  4 slaves (D:7)
  6 water moccasins
  An ice beast (D:5)
  4 sky beasts
  6 orc warriors
  A black bear (Lair:3)
  5 ogres
  A wasp (D:10)
  3 phantoms
  3 centaurs
  A necrophage (D:7)
  2 big kobolds (D:11)
  9 crocodiles
  16 giant frogs
  6 scorpions
  5 killer bees (D:11)
  5 wights (D:7)
  2 centaur zombies (D:6)
  5 crimson imps
  3 giant frog zombies
  5 hounds
  13 orc wizards
  2 electric eels (Lair:3)
  4 giant frog skeletons
  Crazy Yiuf (D:2)
  7 orc priests
  3 gnoll shamans
  6 iguanas
  Natasha (thrice) (D:3)
  7 worker ants
  15 sheep
  A hound skeleton (D:7)
  15 adders
  17 gnolls
  14 river rats
  2 shadow imps
  16 oozes (Sewer)
  2 adder skeletons
  15 giant geckos
  32 orcs
  9 bats
  11 goblins
  5 hobgoblins
  9 jackals
  5 quokkas
  8 ball pythons
  14 giant cockroaches
  2 giant gecko skeletons (D:7)
  2 giant gecko zombies (D:6)
  12 giant newts
  2 jackal zombies
  14 kobolds
  A quokka skeleton (D:4)
  12 rats
429 creatures vanquished.

Vanquished Creatures (others)
  A kobold (D:11)
  A quokka (D:6)
  4 fungi (Lair:3)
  2 plants (Lair:3)
8 creatures vanquished.

Grand Total: 437 creatures vanquished

Notes
Turn   | Place    | Note
--------------------------------------------------------------
     0 | D:1      | tetracat the Octopode Monk began the quest for the Orb.
     0 | D:1      | Reached XP level 1. HP: 16/16 MP: 1/1
   134 | D:1      | Reached XP level 2. HP: 19/21 MP: 2/2
   579 | D:2      | Reached XP level 3. HP: 26/26 MP: 3/3
   580 | D:2      | Found an ancient bone altar of Kikubaaqudgha.
   583 | D:2      | Found a basalt altar of Yredelemnul.
   585 | D:2      | Found a sacrificial altar of Ru.
   714 | D:2      | Reached skill level 5 in Unarmed Combat
   809 | D:2      | Found an opulent altar of Gozag.
   813 | D:2      | Became a worshipper of Gozag Ym Sagoz the Greedy
  1188 | D:2      | Reached XP level 4. HP: 31/31 MP: 4/4
  1612 | D:2      | Noticed Crazy Yiuf
  1621 | D:2      | Killed Crazy Yiuf
  1621 | D:2      | Reached skill level 6 in Unarmed Combat
  2005 | D:3      | Noticed Natasha
  2013 | D:3      | Killed Natasha
  2013 | D:3      | Reached XP level 5. HP: 30/36 MP: 5/5
  2194 | D:3      | Noticed Natasha
  2199 | D:3      | Killed Natasha
  2323 | D:3      | Noticed Natasha
  2325 | D:3      | Killed Natasha
  2381 | D:3      | Found a blossoming altar of Fedhas.
  2785 | D:4      | Reached XP level 6. HP: 21/42 MP: 6/6
  3051 | D:4      | Found a bloodstained altar of Trog.
  3262 | D:4      | Noticed Grinder
  3385 | D:4      | Killed Grinder
  3385 | D:4      | Reached XP level 7. HP: 21/46 MP: 7/7
  3723 | D:4      | Noticed an ogre
  3758 | D:4      | Found a snail-covered altar of Cheibriados.
  3865 | D:5      | Entered Level 5 of the Dungeon
  4113 | D:5      | Found a basalt altar of Yredelemnul.
  4150 | D:5      | Noticed dsb250's ghost (novice DECj)
  4224 | D:5      | Reached skill level 7 in Unarmed Combat
  4265 | D:5      | Killed dsb250's ghost
  4265 | D:5      | Reached skill level 8 in Unarmed Combat
  4265 | D:5      | Reached XP level 8. HP: 50/52 MP: 8/8
  4374 | D:5      | Reached skill level 1 in Shields
  4506 | D:5      | Found a radiant altar of Vehumet.
  5508 | D:6      | Found a white marble altar of Elyvilon.
  5535 | D:6      | Reached skill level 5 in Fighting
  5642 | D:6      | Found a glowing drain.
  5671 | Sewer    | Entered a sewer
  6325 | Sewer    | Reached XP level 9. HP: 55/61 MP: 9/9
  6469 | D:6      | Reached skill level 9 in Unarmed Combat
  7294 | D:5      | Reached skill level 10 in Unarmed Combat
  8279 | D:7      | Reached skill level 5 in Shields
  8503 | D:7      | Found a staircase to the Ecumenical Temple.
  8569 | Temple   | Entered the Ecumenical Temple
  9081 | D:7      | Noticed Pikel
  9116 | D:6      | Killed Pikel
  9116 | D:6      | Reached XP level 10. HP: 62/66 MP: 10/10
  9307 | D:7      | Found a sparkling altar of Nemelex Xobeh.
  9865 | D:8      | Found a deep blue altar of Sif Muna.
  9913 | D:8      | Found a stormy altar of Qazlal.
 10843 | D:9      | Reached skill level 1 in Spellcasting
 11282 | D:10     | Entered Level 10 of the Dungeon
 11440 | D:10     | Noticed abeheron's ghost (journeyman SpAs)
 11653 | D:10     | Killed abeheron's ghost
 12235 | D:9      | Found a staircase to the Orcish Mines.
 12433 | D:9      | Reached XP level 11. HP: 17/71 MP: 15/15
 13195 | D:9      | Reached skill level 10 in Dodging
 13220 | D:9      | Found a shimmering altar of Xom.
 14065 | D:10     | Noticed Maurice
 14076 | D:10     | Killed Maurice
 14121 | D:10     | Learned a level 1 spell: Apportation
 14124 | D:10     | Learned a level 2 spell: Blink
 14126 | D:10     | Learned a level 1 spell: Summon Butterflies
 14470 | D:10     | Learned a level 2 spell: Swiftness
 14603 | D:10     | Reached skill level 5 in Spellcasting
 14702 | D:10     | Noticed a hill giant
 15055 | D:10     | Learned a level 3 spell: Passwall
 15060 | D:10     | Learned a level 4 spell: Passage of Golubria
 15159 | D:11     | Found a staircase to the Lair.
 15169 | D:11     | Bought a +0 shield of reflection for 110 gold pieces
 15169 | D:11     | Bought a meat ration for 65 gold pieces
 15508 | D:11     | Reached skill level 1 in Earth Magic
 15516 | D:11     | Reached skill level 1 in Transmutations
 15750 | D:11     | Reached skill level 1 in Translocations
 16242 | D:12     | Noticed a hill giant
 16278 | Lair:1   | Entered Level 1 of the Lair of Beasts
 16743 | Lair:1   | Reached skill level 11 in Unarmed Combat
 17782 | Lair:1   | Reached XP level 12. HP: 65/77 MP: 21/21
 18954 | Lair:2   | Noticed a six-headed hydra
 21008 | Lair:3   | Got a blackened morningstar
 21009 | Lair:3   | Identified the +9 morningstar "Vuaj Waux" {elec, rElec rN+ Int+2 Dex-4} (You found it on level 3 of the Lair of Beasts)
 21010 | Lair:3   | Identified a -3 rod of the swarm (10/10) (You found it on level 1 of the Lair of Beasts)
 21065 | Lair:3   | HP: 3/77 [electric eel/bolt of electricity (13)]
 21934 | Lair:3   | Reached skill level 5 in Transmutations
 22150 | Lair:3   | Reached skill level 5 in Earth Magic
 22507 | Lair:4   | Slain by a crocodile

Action                   |  1- 3 |  4- 6 |  7- 9 | 10-12 || total
-------------------------+-------+-------+-------+-------++-------
Melee: Unarmed           |    81 |    80 |   423 |  1065 ||  1649
Invok: Call Merchant     |       |       |     2 |     1 ||     3
Evoke: Wand              |       |       |       |     3 ||     3
  Use: Scroll            |       |     2 |     6 |     9 ||    17
       Potion            |       |     1 |       |     3 ||     4
 Stab: Sleeping          |    11 |     8 |    40 |    28 ||    87
       Distracted        |       |       |     3 |    11 ||    14
  Eat: Bread ration      |       |     2 |       |     2 ||     4
       Royal jelly       |       |     1 |       |       ||     1
       Fruit             |       |       |     3 |     5 ||     8
       Meat ration       |       |       |     2 |     6 ||     8
       Beef jerky        |       |       |     1 |     2 ||     3
       Pizza             |       |       |     1 |       ||     1
       Chunk             |       |       |       |     1 ||     1
